 Dungeon Crawl Stone Soup version 0.27-a0-245-g075faa5519 (webtiles) character file.

Game seed: 1400961066610309935

1856 Eurus the Insei (level 8, -8/69 HPs)
             Began as a Red Draconian Transmuter on Sept 24, 2020.
             Was an Initiate of the Shining One.
             Mangled by a hornet (10 damage)
             ... while paralysed by a hornet
             ... on level 7 of the Dungeon on Feb 3, 2021.
             The game lasted 00:18:28 (9709 turns).

Eurus the Insei (Red Draconian Transmuter)          Turns: 9709, Time: 00:18:29

Health: -8/69      AC:  6    Str: 13    XL:     8   Next: 89%
Magic:  14/15      EV:  2    Int: 13    God:    the Shining One [......]
Gold:   288        SH:  0    Dex: 14    Spells: 14/17 levels left

rFire    + . .     SeeInvis .     - Unarmed
rCold    . . .     Faith    .   (no shield)
rNeg     . . .     Spirit   .   (armour unavailable)
rPois    .         Reflect  .   (helmet currently unavailable)
rElec    .         Harm     .   (no cloak)
rCorr    +         Rampage  .   (no gloves)
Will     .....                  (boots currently unavailable)
Stlth    +.........             (no amulet)
HPRegen  0.21/turn              m - ring of resist corrosion
MPRegen  0.14/turn              (no ring)

@: paralysed, mighty, lethally poisoned (-8 -> -25), appendages, slowed, glowing
A: breathe fire, unfitting armour, horns 2, talons 2, fire resistance 1,
cold-blooded, AC +6
a: Breathe Fire, End Transformation, Renounce Religion


You were on level 7 of the Dungeon.
You worshipped the Shining One.
The Shining One was noncommittal.
You had grown temporary horns.
You had grown temporary talons.
You visited 2 branches of the dungeon, and saw 8 of its levels.

You collected 288 gold pieces.

Inventory:

Jewellery
 i - an uncursed amulet of guardian spirit {unknown}
 m - a ring of resist corrosion (left hand)
 n - an uncursed ring of stealth
Wands
 l - a wand of acid (9)
Scrolls
 d - 6 scrolls of identify
 g - 2 scrolls of magic mapping
 h - 2 scrolls of remove curse
 k - a scroll of amnesia
 o - a scroll of fear {unknown}
 p - a scroll of teleportation {unknown}
Potions
 a - a potion of attraction
 b - a potion of degeneration
 c - a potion of flight
 f - a potion of heal wounds
 j - a potion of curing


   Skills:
 + Level 5.6 Fighting
 + Level 4.9 Dodging
 + Level 6.0 Unarmed Combat
 + Level 5.0 Spellcasting
 + Level 5.4 Transmutations


You had 14 spell levels left.
You knew the following spells:

 Your Spells              Type           Power        Failure   Level
a - Beastly Appendage     Tmut           34%          1%          1
b - Wereblood             Tmut           17%          3%          2

Your spell library contained the following spells:

 Spells                   Type           Power        Failure   Level
 Spider Form              Tmut/Pois      5%           19%         3
 Blade Hands              Tmut           8%           50%         5
 Ice Form                 Ice/Tmut       10%          52%         4


Dungeon Overview and Level Annotations

Branches:
Dungeon (7/15)             Temple (1/1) D:5

Altars:
Cheibriados
Dithmenos
Elyvilon
Fedhas
Gozag
Hepliaklqana
Kikubaaqudgha
Makhleb
Okawaru
Qazlal
Ru
Vehumet
Wu Jian
Yredelemnul
Zin
The Shining One

Shops:
D:4 (

Annotations:
D:7 Joseph


Innate Abilities, Weirdness & Mutations

You can breathe blasts of fire.
Your fiery red scales are hard. (AC +6)
You cannot fit into any form of body armour.
Your flesh is heat resistant. (rF+)
You are cold-blooded and may be slowed by cold attacks.
You have a pair of horns on your head.
You have razor-sharp toenails.


Message History

The hornet stings you!
You are more poisoned.
You feel as though you will be slow longer.
You feel very mighty all of a sudden.
You feel very sick. The hornet closely misses you.
The hornet completely misses you.
You punch the hornet! You headbutt the hornet!
The hornet is almost dead.
You feel sick. The hornet barely misses you. The hornet stings you.
You suddenly lose the ability to move!
Joseph shouts, "At last, some action!"
You have got your breath back.
You feel sick. The hornet stings you!
* * * LOW HITPOINT WARNING * * *
You feel as though you will be slow longer.
Joseph unwields a +0 hunting sling.
Joseph wields a +0 quarterstaff.
Joseph hits you with a +0 quarterstaff!
* * * LOW HITPOINT WARNING * * *
The hornet stings you!
You die...

#. ..#..# .. # .#..# #. .#.#...#
.. #####.#.#...# #. ......#.....#
#.
....#.....#.####################.
.@....#........@.................
###.#.#....°...y@................
#(# #####.####################.
#.# #.# ......... ... ...
#######.# .#.#. ##.#y #.# .......
#.#.. ########.# # #@# ## #.# .#
#......... #.# #.# .# #.##.###.#
..# #.# # #....#.#


You could see Joseph and a hornet.

Vanquished Creatures
  Maggie (D:7)
  An orc warrior (D:5)
  2 ogres
  2 centaurs (D:6)
  A phantom (D:3)
  A bullfrog (D:6)
  2 scorpions
  2 howler monkeys
  A hound (D:5)
  4 orc priests
  A jelly (D:7)
  2 bullfrog skeletons
  Jessica (D:1)
  2 iguanas (D:4)
  4 orc wizards
  7 worker ants
  A howler monkey skeleton (D:5)
  10 adders
  A shadow imp (D:6)
  A white imp (D:5)
  2 oozes
  An adder skeleton (D:6)
  5 worms
  6 dart slugs
  3 leopard geckos
  20 orcs
  8 giant cockroaches
  12 goblins
  7 hobgoblins
  2 jackals (D:6)
  3 quokkas
  A ball python (D:2)
  7 bats
  9 frilled lizards
  6 kobolds
  7 rats
146 creatures vanquished.

Vanquished Creatures (others)
  An orc (D:7)
1 creature vanquished.

Grand Total: 147 creatures vanquished

Notes
Turn   | Place    | Note
-------+----------+-------------------------------------------
     0 | D:1      | Eurus the Draconian Transmuter began the quest for the Orb.
     0 | D:1      | Reached XP level 1. HP: 16/16 MP: 3/3
    96 | D:1      | Upgraded the game from 0.26-a0-646-g5d7718319a to
                  | 0.27-a0-245-g075faa5519
   358 | D:1      | Reached XP level 2. HP: 23/23 MP: 3/5
   817 | D:2      | Noticed Jessica
   834 | D:1      | Killed Jessica
   835 | D:1      | Reached XP level 3. HP: 23/29 MP: 6/6
   904 | D:2      | Learned a level 2 spell: Wereblood
  1004 | D:2      | Reached XP level 4. HP: 23/36 MP: 5/7
  1889 | D:3      | Found a radiant altar of Vehumet.
  2193 | D:3      | Reached XP level 5. HP: 16/42 MP: 6/9
  2531 | D:3      | Reached skill level 4 in Unarmed Combat
  2596 | D:3      | Found a hazy altar of Hepliaklqana.
  3212 | D:4      | Noticed a phantom
  3365 | D:4      | Noticed an ogre
  3483 | D:4      | Found Vounit's Weapon Boutique.
  3507 | D:3      | Reached XP level 6. HP: 8/51 MP: 10/10
  4918 | D:4      | Your scales start taking on a fiery red colour.
  4918 | D:4      | Reached XP level 7. HP: 54/57 MP: 10/12
  4918 | D:4      | Gained mutation: Your flesh is heat resistant. (rF+) [Red
                  | Draconian growth]
  4928 | D:4      | Found an iron altar of Okawaru.
  5373 | D:5      | Entered Level 5 of the Dungeon
  5638 | D:5      | Found a staircase to the Ecumenical Temple.
  5655 | Temple   | Entered the Ecumenical Temple
  5989 | Temple   | Became a worshipper of the Shining One
  6306 | D:5      | Found a shadowy altar of Dithmenos.
  6871 | D:6      | Reached skill level 5 in Unarmed Combat
  6982 | D:6      | Found an ornate altar of the Wu Jian Council.
  6982 | D:6      | Found a sacrificial altar of Ru.
  7045 | D:6      | Reached XP level 8. HP: 45/67 MP: 14/14
  8249 | D:6      | Reached skill level 5 in Fighting
  8325 | D:6      | Reached skill level 5 in Transmutations
  8557 | D:6      | Found a white marble altar of Elyvilon.
  8660 | D:6      | Found a basalt altar of Yredelemnul.
  9056 | D:7      | Noticed Joseph
  9330 | D:7      | Noticed Maggie
  9353 | D:7      | Killed Maggie
  9354 | D:7      | Reached skill level 6 in Unarmed Combat
  9354 | D:7      | Reached skill level 5 in Spellcasting
  9699 | D:7      | Noticed a hornet
  9708 | D:7      | Paralysed by a hornet for 2 turns
  9709 | D:7      | HP: 2/69 [Joseph/+0 quarterstaff (12)]
  9709 | D:7      | Mangled by a hornet

Illustrated notes

Levels and vault maps discovered:
D:1:      co_arrival_square_in_a_square_in_a_square, layout_basic
D:2:      layout_rooms, uniq_jessica
D:3:      layout_loops_ring, vehumet_crystals, nicolae_overflow_crystal_walls,
          chequers_serial_rivers_micro_a, hangedman_decor_opposing
D:4:      wander_river, layout_layer_cave, serial_shops, shop,
          chequers_serial_rivers_room_b, okawaru_gym_becter
D:5:      layout_basic, lemuel_round_altar, minmay_temple_entry_purple_smoke,
          serial_curves, eino_curves_02, eino_curves_03, eino_curves_03
D:6:      layout_loops_ring, kennysheep_ying_yang, overflow_temple_1_default,
          nicolae_overflow_hidden_temple, st_stairs_13
D:7:      layout_basic, uniq_joseph, uniq_maggie, uniq_menkaure
Temple:   compressed_dpeg_triangle_lava_temple

Skill      XL: |  1  2  3  4  5  6  7  8 |
---------------+-------------------------+-----
Dodging        | 2 3 4 |  4.9
Fighting       | 2 3 4 5 |  5.6
Transmutations | 3 4 5 |  5.4
Unarmed Combat | 4 5 6 |  6.0
Spellcasting   | 3 4 5 |  5.0

Action                   |  1- 3 |  4- 6 |  7- 9 || total
-------------------------+-------+-------+-------++-------
Melee: Unarmed           |    93 |   248 |   206 ||   547
       Tailslap          |     9 |    28 |    18 ||    55
       Headbutt          |     6 |    25 |    35 ||    66
       Kick              |     2 |    43 |    44 ||    89
       Punch             |     1 |     2 |     6 ||     9
 Cast: Beastly Appendage |    11 |    26 |    30 ||    67
       Wereblood         |       |     3 |     3 ||     6
 Abil: Breathe Fire      |       |       |     9 ||     9
  Use: Scroll            |       |     7 |     3 ||    10
       Potion            |       |     5 |     1 ||     6
 Stab: Sleeping          |     1 |     1 |       ||     2
Armor: Skin              |    30 |    42 |    26 ||    98
Dodge: Dodged            |    63 |   135 |   149 ||   347

Table legend: (Time is in decaauts)
 A = Elapsed time spent in this place.
 B = Non-inter-level travel time spent in this place.
 C = Inter-level travel time spent in this place.
 D = Time resting spent in this place.
 E = Time spent auto-exploring this place.
 F = Levels seen in this place.
 G = Mean time per level.
                   A        B        C        D        E       F      G
               +--------+--------+--------+--------+--------+-----+--------+
         Total |   9715 |   9200 |    515 |   3263 |   3088 |   8 | 1214.4 |
       Dungeon |   9369 |   8857 |    512 |   3263 |   2758 |   7 | 1338.4 |
        Temple |    345 |    342 |      3 |      0 |    330 |   1 |  345.0 |
               +--------+--------+--------+--------+--------+-----+--------+

Top non-repeatable levels by time:
     D:3: 2238 daAuts
     D:5: 1818 daAuts
     D:6: 1557 daAuts
     D:4: 1450 daAuts
     D:2: 887 daAuts
     D:1: 814 daAuts
     D:7: 602 daAuts
  Temple: 345 daAuts
